 Dungeon Crawl Stone Soup version 0.28.0-53-g5a82cb258f (webtiles) character file.

Game seed: 3669355750292248631

30 ILmort the Skirmisher (level 3, 24/24 HPs)
             Began as a Gargoyle Fighter on Aug 20, 2022.
             Was a Follower of Cheibriados.
             Quit the game on level 1 of the Dungeon.
             The game lasted 00:03:13 (1006 turns).

ILmort the Skirmisher (Gargoyle Fighter)            Turns: 1006, Time: 00:03:14

Health: 24/24      AC: 11    Str: 23    XL:     3   Next: 18%
Magic:  3/3        EV:  9    Int: 10    God:    Cheibriados [*.....]
Gold:   65         SH:  4    Dex: 11    Spells: 2/2 levels left

rFire   . . .      SeeInvis .   a - +0 flail
rCold   . . .      Faith    .   c - +0 buckler
rNeg    + . .      Spirit   .   b - +0 scale mail
rPois   ∞          Reflect  .   (no helmet)
rElec   +          Harm     .   f - +0 cloak
rCorr   +          Rampage  .   (no gloves)
Will    .....                   (no boots)
Stlth   ..........              (no amulet)
HPRegen 0.08/turn               e - ring of resist corrosion
MPRegen 0.08/turn               (no ring)

@: very slow
A: sickness immunity, AC +3, negative energy resistance 1, electricity
resistance, torment resistance 1, petrification resistance
a: Renounce Religion, Bend Time


You were on level 1 of the Dungeon.
You worshipped Cheibriados.
Cheibriados was aware of your devotion.
You visited 1 branch of the dungeon, and saw 1 of its levels.

You collected 65 gold pieces.

Inventory:

Hand Weapons
 a - a +0 flail (weapon)
Armour
 b - a +0 scale mail (worn)
 c - a +0 buckler (worn)
 f - a +0 cloak (worn)
Jewellery
 e - a ring of resist corrosion (left hand)
Scrolls
 g - 2 scrolls of identify {unknown}
Potions
 d - a potion of might
 h - 2 potions of cancellation {unknown}
 i - a potion of degeneration {unknown}


   Skills:
 + Level 3.7 Fighting
 * Level 3.1 Maces & Flails
 - Level 3.2 Armour
 - Level 3.2 Shields


You had 2 spell levels left.
You didn't know any spells.
Your spell library was empty.

Dungeon Overview and Level Annotations

Branches:
Dungeon (1/15)

Altars:
Cheibriados


Innate Abilities, Weirdness & Mutations

You are immune to sickness and miasma.
Your stone body is resilient. (AC +3)
You are immune to poison.
You resist negative energy. (rN+)
You are resistant to electric shocks. (rElec)
You are resistant to unholy torment.
You are immune to petrification.


Message History

A kobold is nearby!
You see here 2 lumpy inky potions.
You hit the kobold.
You kill the kobold!
h - 2 lumpy inky potions
Things that are here:
a +0 dagger; a stone; a kobold corpse
i - a fizzy amethyst potion
There is a stone staircase leading down here.
A rat comes into view.
The rat moves out of view.
A rat is nearby!
You sock the rat!
You kill the rat!
No target in view!
No target in view!
No target in view!
No target in view!
A kobold comes into view. It is wielding a +0 dagger.
A kobold is nearby!
The kobold hits you but does no damage.
You hit the kobold.
You kill the kobold!
You see here a +0 dagger.
You hit the plant but do no damage.
Found a faded altar of an unknown god.
You hit the plant.
The plant begins to die.
You sock the plant! You sock the plant! You sock the plant!
A nearby plant withers and dies.
There is a faded altar of an unknown god here.
You cannot tell which god this altar belongs to.
Convert to them anyway?
Cheibriados accepts your prayer! Cheibriados welcomes you!
Cheibriados begins to support your attributes as your movement slows.
Cheibriados is now slowing the effects of poison on you.
You can now bend time to slow others.
Cheibriados raises the support of your attributes as your movement slows.
Unknown command.
Press < or > to pray at altars.

.........#.##.....##..##.#
.........#.#..###.##.###.#
.........#...## ####.# #.#
#...........## ##....###.####
#......###.## #..##........#
#.###### #.# #.###........#
÷÷# #.# ### #........#
##########.### ######)......#
.............###@8.##.......#
##########.####8..###.......#
# ####.#.##.#.P##.......#
#......####.P##########
#......###...# #......##..###
######.###.P## #.####)P##
#...##8.8#


There were no monsters in sight!

Vanquished Creatures
  5 bats (D:1)
  A giant cockroach (D:1)
  A hobgoblin (D:1)
  3 ball pythons (D:1)
  3 frilled lizards (D:1)
  3 goblins (D:1)
  11 kobolds (D:1)
  3 rats (D:1)
30 creatures vanquished.

Vanquished Creatures (others)
  2 plants (D:1)
2 creatures vanquished.

Grand Total: 32 creatures vanquished

Notes
Turn   | Place    | Note
-------+----------+-------------------------------------------
     0 | D:1      | ILmort the Gargoyle Fighter began the quest for the Orb.
     0 | D:1      | Reached XP level 1. HP: 14/14 MP: 1/1
   131 | D:1      | Reached XP level 2. HP: 12/19 MP: 2/2
   719 | D:1      | Reached XP level 3. HP: 16/24 MP: 3/3
   995 | D:1      | Found a faded altar of an unknown god.
  1005 | D:1      | Prayed at the altar of an unknown god.
  1005 | D:1      | Became a worshipper of Cheibriados the Contemplative
  1005 | D:1      | Reached * piety under Cheibriados
  1006 | D:1      | Quit the game

Illustrated notes

Levels and vault maps discovered:
D:1:      amcnicky_arrival_single_pillar, layout_rooms,
          shapermc_ecumenical_altar_petra, st_stairs_7, lexackson_kobold_supper

Skill      XL: |  1  2 |
---------------+-------+-----
Maces & Flails | 3 |  3.1
Fighting       | |  3.7
Armour         | |  3.2
Shields        | |  3.2

Action                   || total
-------------------------++-------
Melee: Flail             ||   102
Armor: Scale mail        ||    80
Dodge: Dodged            ||    62
Block: Buckler           ||    21
